 Dungeon Crawl Stone Soup version 0.19-a0-1886-gd64a0f0 (webtiles) character file.

178173 Theye the Fencer (level 17, -21/134 HPs)
             Began as a Demonspawn Fighter on Oct 15, 2016.
             Was the Champion of Vehumet.
             Blown up by an orb spider (29 damage)
             ... with an orb of destruction
             ... on level 4 of the Spider Nest.
             The game lasted 01:03:40 (34757 turns).

Theye the Fencer (Demonspawn Fighter)              Turns: 34757, Time: 01:03:40

Health: -21/134    AC: 23    Str: 16      XL:     17   Next: 56%
Magic:  0/40       EV: 14    Int: 16 (17) God:    Vehumet [******]
Gold:   1447       SH:  9    Dex: 18 (19) Spells: 3 memorised, 18 levels left

rFire  + . .     SeeInvis +     k - +6 demon blade (elec)
rCold  + . .     Gourm    .     v - +6 scale mail "Bocvir" {rElec rC++ Dex+4}
rNeg   . . .     Faith    .     o - +3 buckler
rPois  +         Spirit   +     (helmet restricted)
rElec  +         Dismiss  .     B - +0 cloak {rPois}
rCorr  .         Reflect  .     y - +0 pair of gloves
MR     +....     Harm     .     t - +2 pair of boots {run}
Stlth  .......... Clarity  +    R - amulet of regeneration
                                Z - ring of magical power
                                K - ring of fire

@: quick
A: claws 2, horns 1, slimy green scales 2, see invisible, clarity, clever 1,
powered by pain 3, screaming 1, evolution 2, magic shield
a: Renounce Religion


You were on level 4 of the Spider Nest.
You worshipped Vehumet.
Vehumet was exalted by your worship.
You were not hungry.

You visited 6 branches of the dungeon, and saw 31 of its levels.
You also visited: Sewer, Ossuary and Ice Cave.

You collected 3509 gold pieces.
You spent 2062 gold pieces at shops.

Inventory:

Hand Weapons
 k - a +6 demon blade of electrocution (weapon)
 G - a +3 scimitar of flaming
Armour
 d - the +0 robe of Terror {rElec rF- Str+8 Slay+6}
   (You bought it in a shop on level 2 of the Orcish Mines)

   It affects your strength (+8).
   It affects your accuracy and damage with ranged weapons and melee attacks
   (+6).
   It makes you vulnerable to fire.
   It insulates you from electricity.
 o - a +3 buckler (worn)
 t - a +2 pair of boots of running (worn)
 v - the +6 scale mail "Bocvir" (worn) {rElec rC++ Dex+4}
   (You found it on level 4 of the Dungeon)

   It affects your dexterity (+4).
   It greatly protects you from cold.
   It insulates you from electricity.
 w - a +0 helmet
 y - a +0 pair of gloves (worn)
 B - a +0 cloak of poison resistance (worn)
Jewellery
 a - an uncursed ring of protection from cold
 K - a ring of fire (left hand)
 P - an uncursed ring of positive energy
 R - an amulet of regeneration (around neck)
 Y - an uncursed ring of protection from magic
 Z - a ring of magical power (right hand)
Wands
 D - a wand of disintegration (9/24)
 S - a wand of acid (5/15)
 U - a wand of lightning (8/15)
Scrolls
 c - 3 scrolls of recharging
 g - 6 scrolls of fear
 m - a scroll of blinking
 r - 5 scrolls of teleportation
 z - 7 scrolls of remove curse
 A - 12 scrolls of identify
 C - 5 scrolls of magic mapping
 H - 3 scrolls of amnesia
 L - 3 scrolls of fog
 O - 2 scrolls of immolation
Potions
 e - 2 potions of resistance
 h - a potion of mutation
 j - 2 potions of lignification
 l - a potion of curing
 n - a potion of haste
 p - 5 potions of cancellation
 q - 2 potions of flight
 s - 3 potions of brilliance
 x - 2 potions of magic
 M - 2 potions of cure mutation
 T - 2 potions of berserk rage
 V - a potion of might
 W - a potion of heal wounds
 X - a potion of agility
Books
 u - a book of Enchantments

   Spells                             Type                      Level
   a - Cause Fear                     Hexes                        4
   b - Yara's Violent Unravelling     Hexes/Transmutation          5
   c - Silence                        Hexes/Air                    5
   d - Deflect Missiles               Charms/Air                   6
   e - Discord                        Hexes                        8
 E - a book of Flames

   Spells                             Type                      Level
   a - Flame Tongue                   Conjuration/Fire             1
   b - Throw Flame                    Conjuration/Fire             2
   c - Conjure Flame                  Conjuration/Fire             3
   d - Inner Flame                    Hexes/Fire                   3
   e - Sticky Flame                   Conjuration/Fire             4
   f - Fireball                       Conjuration/Fire             5
 N - a book of Conjurations

   Spells                             Type                      Level
   a - Magic Dart                     Conjuration                  1
   b - Searing Ray                    Conjuration                  2
   c - Dazzling Spray                 Conjuration/Hexes            3
   d - Fulminant Prism                Conjuration/Hexes            4
   e - Iskenderun's Mystic Blast      Conjuration                  4
   f - Iskenderun's Battlesphere      Conjuration/Charms           5
 Q - a book of Summonings

   Spells                             Type                      Level
   a - Recall                         Summoning/Translocation      3
   b - Aura of Abjuration             Summoning                    5
   c - Summon Demon                   Summoning                    5
   d - Summon Forest                  Summoning/Translocation      5
   e - Summon Mana Viper              Hexes/Summoning              5
   f - Shadow Creatures               Summoning                    6
Comestibles
 b - 4 meat rations
 f - 3 bread rations
 i - 12 royal jellies
 I - 24 fruits


   Skills:
 - Level 12.3 Fighting
 - Level 16.8 Long Blades
 - Level 8.9 Armour
 - Level 7.0 Dodging
 - Level 6.2 Shields
 * Level 10.4 Spellcasting
 * Level 11.3 Conjurations
 * Level 5.2 Charms
 * Level 9.8 Fire Magic
 - Level 0.6 Evocations


You had 18 spell levels left.
You knew the following spells:

 Your Spells              Type           Power        Failure   Level  Hunger
b - Fireball              Conj/Fire      ######....   3%          5    #####..
c - Ring of Flames        Chrm/Fire      #####.....   100%        7    #######
d - Bolt of Fire          Conj/Fire      ######....   17%         6    ######.


Dungeon Overview and Level Annotations

Branches:
Dungeon (15/15)            Temple (1/1) D:7            Lair (6/6) D:8
  Swamp (3/4) Lair:2       Spider (4/4) Lair:2        Slime (0/5) Lair:5
    Orc (2/2) D:9             Elf (0/3) Orc:2        Vaults (0/5) D:13
 Depths (0/5) D:15

Altars:
Ashenzari
Cheibriados
Dithmenos
Elyvilon
Fedhas
Gozag
Hepliaklqana
Kikubaaqudgha
Makhleb
Nemelex Xobeh
Okawaru
Qazlal
Ru
Sif Muna
Trog
Uskayaw
Vehumet
Xom
Yredelemnul
Zin
The Shining One
Beogh

Shops:
D:4 (   D:6 ?   D:10 (   D:11 !   D:15 [   Orc:2 (*:[


Innate Abilities, Weirdness & Mutations

You have very sharp fingernails.
You are mostly covered in slimy green scales. (AC +3)
You are powered by pain.
When hurt, damage is shared between your health and your magic reserves.
You have a pair of small horns on your head.
You have supernaturally acute eyesight. (SInv)
You possess an exceptional clarity of mind.
Your mind is acute. (Int +2)
You occasionally shout uncontrollably at your foes.
You rapidly evolve.


Message History

The jumping spider is severely wounded.
The jumping spider completely misses you.
You riposte.
You slice the jumping spider!!
You kill the jumping spider!
Vehumet accepts your kill.
You feel your power returning.
Items here: †††† a jumping spider corpse x2; a tarantella corpse; a demonic crawler corpse You feel a little less agile now.
The orb of destruction hits you!
* * * LOW HITPOINT WARNING * * *
You focus on the pain.
You feel your power returning.
The orb spider pulsates with a strange energy.
Okay, then.
The orb spider weaves a glowing orb of energy.
An orb of destruction comes into view.
You enter the shallow water.
Moving in this stuff is going to be slow.
The orb of destruction hits you!
You die...

###.^≈≈≈.# #≈ #...#^.#
.. #...#### #.. ##=..##
###≈^. ##...## #++#
##≈.[.. #...^# ##..#
#≈s..≈# #....##
#...#####§..≈≈≈
.##...≈###..##.†#....#
..≈≈≈≈..@##≈.##.§..†^##
...≈≈≈#...§§§§§§s≈≈.###
##≈≈#######.....#####
### ###≈≈≈# #####


You could see an orb spider.

Vanquished Creatures
  The ghost of esc the Warrior, an adept MiBe of Trog (Spider:4)
  The ghost of KarmaPolice the Tortoise, an adept HaHu of Uskayaw (Spider:3)
  Frances (D:13)
  A thorn hunter (Swamp:2)
  An orc warlord (Orc:1)
  Aizul (Spider:1)
  2 ghost moths (Spider:4)
  4 emperor scorpions
  The ghost of George the Fencer, a journeyman MiFi of Okawaru (Lair:6)
  A very ugly thing (Swamp:3)
  4 entropy weavers
  Azrael (Spider:2)
  A spark wasp (Spider:2)
  A dire elephant (D:15)
  Josephine (D:14)
  The ghost of PeterLawrence the Blocker, a journeyman MiFi of Okawaru (Lair:2)
  An ogre mage (D:15)
  2 ice dragons (IceCv)
  A rakshasa (D:14)
  11 hydras
  A ghost crab (Swamp:2)
  3 centaur warriors
  A deep troll shaman (Lair:6)
  5 alligators
  2 catoblepae
  4 orc high priests
  5 death yaks
  4 swamp dragons
  A wizard (D:13)
  4 spriggan druids
  5 unseen horrors
  A necromancer (D:13)
  Pikel (D:4)
  A lindwurm (Lair:6)
  2 shambling mangroves
  8 hill giants
  8 ugly things
  3 orc knights (Orc:2)
  22 wolf spiders
  12 orb spiders
  3 deep elf magi
  5 orc sorcerers
  2 cyclopes
  7 elephants (Lair:6)
  2 moths of wrath (Spider:3)
  2 manticores (D:15)
  Maurice (D:9)
  6 black mambas
  2 torpor snails
  2 ice statues (IceCv)
  The ghost of Nuatha the Covert, a novice SpAK of Lugonu (D:6)
  20 spiny frogs
  A gargoyle (D:13)
  6 rime drakes
  7 komodo dragons
  2 ice devils (Lair:3)
  8 trolls
  3 polar bears
  14 demonic crawlers
  A queen bee (Spider:1)
  3 meliai
  5 tyrant leeches
  35 jumping spiders
  12 hornets
  2 bog bodies (Swamp:2)
  15 hippogriffs
  Grinder (D:5)
  A meliai zombie (D:9)
  3 two-headed ogres
  16 slime creatures
  4 blink frogs (Lair:6)
  7 spriggans
  86 redbacks
  3 shadows
  32 tarantellas
  3 wyverns
  5 fire elementals (Spider:2)
  4 wraiths (D:14)
  39 yaks
  6 basilisks
  4 hungry ghosts
  26 vampire mosquitoes
  Menkaure (D:5)
  Edmund (D:4)
  14 swamp worms
  A soldier ant (D:12)
  2 wargs (Orc:2)
  6 insubstantial wisps (Swamp:2)
  3 hell hounds (Spider:2)
  11 water moccasins
  9 porcupines
  Duvessa (D:7)
  24 orc warriors
  3 black bears
  2 swamp drakes (Swamp:1)
  17 ice beasts
  2 necrophages
  3 phantoms
  13 ogres
  15 wolves
  A sky beast (D:6)
  19 centaurs
  7 crocodiles
  Blork the orc (D:5)
  11 big kobolds
  2 gnoll sergeants
  17 bullfrogs
  A wyvern zombie (D:13)
  An elf skeleton (D:11)
  Dowan (D:7)
  4 scorpions
  A troll zombie (D:11)
  16 killer bees (Spider:1)
  12 howler monkeys
  11 wights
  2 electric eels (D:9)
  5 crimson imps
  4 centaur zombies
  14 orc priests
  2 centaur skeletons
  4 human zombies (D:11)
  24 orc wizards
  A gnoll shaman (Orc:2)
  6 hounds
  6 jellies
  2 bullfrog skeletons
  2 human skeletons (D:11)
  4 iguanas
  7 worker ants
  A killer bee zombie (D:7)
  A big kobold zombie (Ossuary)
  A centaur simulacrum (D:9)
  8 ogre zombies (D:9)
  2 hound zombies
  8 mummies (Ossuary)
  12 gnolls
  17 adders
  2 river rats
  6 shadow imps
  A worker ant simulacrum (D:9)
  7 oozes
  A worm zombie (D:6)
  2 worms (Sewer)
  4 dart slugs
  6 leopard geckos
  66 orcs
  4 ball pythons
  10 bats
  7 giant cockroaches
  2 gnoll zombies (Ossuary)
  8 hobgoblins
  16 jackals
  4 quokkas
  4 frilled lizards
  7 goblins
  2 goblin skeletons (D:9)
  A goblin zombie (D:9)
  3 hobgoblin skeletons (D:9)
  6 hobgoblin zombies
  35 kobolds
  A kobold zombie (Ossuary)
  2 orc skeletons
  16 orc zombies
  9 rats
1136 creatures vanquished.

Vanquished Creatures (others)
  A spiny frog (Swamp:2)
  A demonic crawler (Spider:2)
  A swamp worm (Swamp:2)
  An insubstantial wisp (Swamp:2)
  A slave (D:5)
  A howler monkey (D:5)
  A worker ant (D:14)
  2 fungi
  3 plants
12 creatures vanquished.

Grand Total: 1148 creatures vanquished

Notes
Turn   | Place    | Note
-------+----------+-------------------------------------------
     0 | D:1      | Theye the Demonspawn Fighter began the quest for the Orb.
     0 | D:1      | Reached XP level 1. HP: 18/18 MP: 1/1
   371 | D:1      | Gained mutation: When hurt, damage is shared between your health and your magic reserves. [demonic ancestry]
   371 | D:1      | Reached XP level 2. HP: 19/24 MP: 2/2
   813 | D:2      | Reached skill level 2 in Long Blades
   874 | D:2      | Found a hide-covered altar of Uskayaw.
   921 | D:2      | Reached XP level 3. HP: 29/29 MP: 3/3
  2103 | D:3      | Gained mutation: You are partially covered in slimy green scales. (AC +2) [demonic ancestry]
  2103 | D:3      | Reached XP level 4. HP: 36/36 MP: 4/4
  2291 | D:3      | Reached skill level 3 in Long Blades
  2670 | D:4      | Found a snail-covered altar of Cheibriados.
  2678 | D:4      | Reached XP level 5. HP: 42/42 MP: 5/5
  2752 | D:4      | Got a twisted scale mail
  2755 | D:4      | Identified the +6 scale mail "Bocvir" {rElec rC++ Dex+4} (You found it on level 4 of the Dungeon)
  3083 | D:4      | Reached skill level 1 in Dodging
  3257 | D:4      | Found Etirusotz's Weapon Emporium.
  3266 | D:4      | Bought a +1 falchion of slicing for 115 gold pieces
  3286 | D:4      | Reached skill level 4 in Long Blades
  3351 | D:4      | Gained mutation: You have sharp fingernails. [demonic ancestry]
  3351 | D:4      | Reached XP level 6. HP: 39/48 MP: 6/6
  3443 | D:4      | Found a sparkling altar of Nemelex Xobeh.
  3607 | D:4      | Gained mutation: You have large cloven feet. [potion of mutation]
  3607 | D:4      | Gained mutation: Your skin changes colour to match your surroundings (Stealth+). [potion of mutation]
  3607 | D:4      | Gained mutation: You have supernaturally acute eyesight. (SInv) [potion of mutation]
  3650 | D:5      | Entered Level 5 of the Dungeon
  3650 | D:5      | Noticed Menkaure
  3653 | D:5      | Killed Menkaure
  3668 | D:5      | Noticed Blork the orc
  3675 | D:5      | Killed Blork the orc
  3675 | D:5      | Reached XP level 7. HP: 54/54 MP: 7/7
  3695 | D:5      | Found a glowing drain.
  3711 | Sewer    | Entered a sewer
  3755 | Sewer    | Reached skill level 5 in Long Blades
  4045 | Sewer    | Reached skill level 6 in Long Blades
  4094 | Sewer    | Gained mutation: You are mostly covered in slimy green scales. (AC +3) [demonic ancestry]
  4094 | Sewer    | Reached XP level 8. HP: 61/61 MP: 8/8
  4422 | D:5      | Noticed Grinder
  4426 | D:5      | Noticed Pikel
  4427 | D:5      | Noticed Edmund
  4466 | D:4      | Killed Pikel
  4466 | D:4      | Reached skill level 7 in Long Blades
  4466 | D:4      | Reached skill level 5 in Shields
  4509 | D:4      | Killed Edmund
  4863 | D:5      | Killed Grinder
  4909 | D:5      | Reached skill level 5 in Fighting
  5107 | D:6      | Noticed Nuatha's ghost (novice SpAK)
  5123 | D:6      | Killed Nuatha's ghost
  5123 | D:6      | Reached skill level 8 in Long Blades
  5123 | D:6      | Reached XP level 9. HP: 68/68 MP: 9/9
  5133 | D:6      | Found a sand-covered staircase.
  5162 | Ossuary  | Entered an ossuary
  6016 | D:6      | Found Beolay's Magic Scroll Shoppe.
  6019 | D:6      | Bought a scroll of teleportation for 30 gold pieces
  6019 | D:6      | Bought a scroll of teleportation for 30 gold pieces
  6075 | D:6      | Reached skill level 9 in Long Blades
  6283 | D:6      | Found a sacrificial altar of Ru.
  7017 | D:7      | Found a staircase to the Ecumenical Temple.
  7159 | Temple   | Entered the Ecumenical Temple
  7277 | Temple   | Became a worshipper of Vehumet
  7488 | D:7      | Noticed Duvessa
  7490 | D:7      | Noticed Dowan
  7498 | D:7      | Killed Duvessa
  7498 | D:7      | Reached skill level 5 in Armour
  7499 | D:7      | Killed Dowan
  7499 | D:7      | Reached XP level 10. HP: 76/76 MP: 8/10
  7845 | D:8      | Reached skill level 10 in Long Blades
  7944 | D:8      | Reached * piety under Vehumet
  7944 | D:8      | Offered knowledge of Sandblast by Vehumet.
  8256 | D:8      | Reached skill level 1 in Spellcasting
  8421 | D:8      | Found a staircase to the Lair.
  9057 | D:9      | Found a burning altar of Makhleb.
  9088 | D:9      | Learned a level 2 spell: Throw Flame
  9095 | D:9      | Found a staircase to the Orcish Mines.
  9115 | D:9      | Offered knowledge of Freeze by Vehumet.
  9116 | D:9      | Reached ** piety under Vehumet
  9177 | D:9      | Reached skill level 1 in Conjurations
  9197 | D:9      | Noticed Maurice
  9209 | D:9      | Reached skill level 1 in Fire Magic
  9213 | D:9      | Killed Maurice
  9220 | D:9      | Reached skill level 11 in Long Blades
  9270 | D:9      | Offered knowledge of Ignite Poison by Vehumet.
  9300 | D:9      | Found a basalt altar of Yredelemnul.
  9668 | D:9      | Reached *** piety under Vehumet
 10085 | D:10     | Entered Level 10 of the Dungeon
 10148 | D:10     | Noticed a hill giant
 10155 | D:10     | Killed a hill giant
 10175 | D:10     | Noticed a hill giant
 10179 | D:10     | Offered knowledge of Force Lance by Vehumet.
 10194 | D:10     | Killed a hill giant
 10194 | D:10     | Gained mutation: You sometimes gain a little power by taking damage. [demonic ancestry]
 10194 | D:10     | Reached XP level 11. HP: 22/81 MP: 5/14
 10528 | D:10     | Found Hifudomnue's Antique Weapon Shoppe.
 10546 | D:10     | Noticed a hill giant
 10559 | D:10     | Killed a hill giant
 10857 | D:10     | Noticed an unseen horror
 10867 | D:10     | Killed an unseen horror
 11021 | Lair:1   | Entered Level 1 of the Lair of Beasts
 11045 | Lair:1   | Noticed a catoblepas
 11055 | Lair:1   | Killed a catoblepas
 11055 | Lair:1   | Reached **** piety under Vehumet
 11055 | Lair:1   | Reached skill level 12 in Long Blades
 11214 | Lair:1   | You fall through a shaft!
 11372 | Lair:2   | Noticed PeterLawrence's ghost (journeyman MiFi)
 11403 | Lair:2   | Killed PeterLawrence's ghost
 11404 | Lair:2   | Noticed a death yak
 11442 | Lair:2   | Killed a death yak
 11694 | Lair:2   | Found a staircase to the Swamp.
 11781 | Lair:2   | Found a hole to the Spider Nest.
 11781 | Lair:2   | Noticed an orb spider
 12064 | Lair:2   | Offered knowledge of Airstrike by Vehumet.
 12068 | Lair:2   | Gained mutation: Your mind is acute. (Int +2) [potion of mutation]
 12068 | Lair:2   | Gained mutation: You are agile. (Dex +2) [potion of mutation]
 12068 | Lair:2   | Gained mutation: Your body sometimes deteriorates upon taking damage. [potion of mutation]
 12069 | Lair:2   | Gained mutation: You are weak. (Str -2) [potion of mutation]
 12069 | Lair:2   | Gained mutation: Your magical capacity is low. (-10% MP) [potion of mutation]
 12069 | Lair:2   | Lost mutation: You are agile. (Dex +2) [potion of mutation]
 12070 | Lair:2   | Gained mutation: You occasionally shout uncontrollably at your foes. [potion of mutation]
 12071 | Lair:2   | Gained mutation: You possess an exceptional clarity of mind. [potion of mutation]
 12071 | Lair:2   | Lost mutation: Your magical capacity is low. (-10% MP) [potion of mutation]
 12071 | Lair:2   | Gained mutation: You passively map a small area around you. [potion of mutation]
 12072 | Lair:2   | Gained mutation: You evolve. [potion of mutation]
 12072 | Lair:2   | Lost mutation: You are weak. (Str -2) [potion of mutation]
 12072 | Lair:2   | Lost mutation: You have supernaturally acute eyesight. (SInv) [potion of mutation]
 12073 | Lair:2   | Gained mutation: You are frail. (-10% HP) [potion of mutation]
 12073 | Lair:2   | Gained mutation: Your body often deteriorates upon taking damage. [potion of mutation]
 12074 | Lair:2   | Lost mutation: Your skin changes colour to match your surroundings (Stealth+). [potion of cure mutation]
 12074 | Lair:2   | Lost mutation: You possess an exceptional clarity of mind. [potion of cure mutation]
 12074 | Lair:2   | Lost mutation: You have large cloven feet. [potion of cure mutation]
 12074 | Lair:2   | Lost mutation: You passively map a small area around you. [potion of cure mutation]
 12074 | Lair:2   | Lost mutation: Your mind is acute. (Int +2) [potion of cure mutation]
 12074 | Lair:2   | Lost mutation: Your body often deteriorates upon taking damage. [potion of cure mutation]
 12074 | Lair:2   | Lost mutation: Your body sometimes deteriorates upon taking damage. [potion of cure mutation]
 12085 | Lair:2   | Gained mutation: You have a pair of small horns on your head. [evolution]
 12085 | Lair:2   | Lost mutation: You evolve. [end of evolution]
 12313 | Lair:2   | Reached XP level 12. HP: 37/80 MP: 12/18
 12900 | Lair:1   | Reached skill level 5 in Conjurations
 12954 | Lair:1   | Reached skill level 13 in Long Blades
 13494 | D:10     | Bought a glowing demon blade for 651 gold pieces
 13527 | D:10     | Learned a level 5 spell: Fireball
 13553 | D:11     | Gained mutation: Scrolls take you a little longer to read. [potion of mutation]
 13553 | D:11     | Gained mutation: You are agile. (Dex +2) [potion of mutation]
 13553 | D:11     | Gained mutation: You evolve. [potion of mutation]
 13554 | D:11     | Gained mutation: Your mind is acute. (Int +2) [potion of mutation]
 13554 | D:11     | Lost mutation: You are agile. (Dex +2) [potion of mutation]
 13554 | D:11     | Lost mutation: You are frail. (-10% HP) [potion of mutation]
 13643 | D:11     | Found an ancient bone altar of Kikubaaqudgha.
 13840 | D:11     | Found Towuolan's Distillery.
 13845 | D:11     | Bought a potion of heal wounds for 65 gold pieces
 13845 | D:11     | Bought a potion of mutation for 32 gold pieces
 14003 | D:11     | Learned a level 7 spell: Ring of Flames
 14056 | D:11     | Reached ***** piety under Vehumet
 14427 | D:11     | Offered knowledge of Bolt of Fire by Vehumet.
 14436 | D:11     | Learned a level 6 spell: Bolt of Fire
 14549 | D:12     | Noticed a seven-headed hydra
 14559 | D:12     | Killed a three-headed hydra
 14767 | D:12     | Reached skill level 5 in Spellcasting
 15165 | D:13     | Found a hazy altar of Hepliaklqana.
 15170 | D:13     | Noticed a centaur warrior
 15181 | D:13     | Killed a centaur warrior
 15724 | D:13     | Reached XP level 13. HP: 45/98 MP: 11/21
 15963 | D:13     | Found a gate to the Vaults.
 15985 | D:13     | Reached skill level 14 in Long Blades
 16330 | D:13     | Noticed Frances
 16342 | D:13     | Killed Frances
 16515 | Orc:1    | Entered Level 1 of the Orcish Mines
 16763 | Orc:2    | Entered Level 2 of the Orcish Mines
 16929 | Orc:2    | Found a staircase to the Elven Halls.
 16946 | Orc:2    | Paralysed by an orc sorcerer for 3 turns
 16952 | Orc:2    | Found a roughly hewn altar of Beogh.
 16953 | Orc:2    | Noticed an orc warlord
 17163 | Orc:2    | Lost mutation: Scrolls take you a little longer to read. [evolution]
 17357 | Orc:2    | Reached skill level 5 in Fire Magic
 17365 | Orc:2    | Offered knowledge of Orb of Destruction by Vehumet.
 17654 | Orc:1    | Killed an orc warlord
 17961 | Orc:2    | Found Pepis's Antique Armour Shoppe.
 17973 | Orc:2    | Found Amasee's Book Shoppe.
 18018 | Orc:2    | Found Feaxeigh's General Store.
 18664 | Orc:2    | Found Waxty's Antique Weapon Shoppe.
 18686 | Orc:2    | Bought a fabulously ornate robe for 159 gold pieces
 18696 | Orc:2    | Identified the cursed +0 robe of Terror {rElec rF- Str+8 Slay+6} (You bought it in a shop on level 2 of the Orcish Mines)
 19540 | Lair:3   | Found a frozen archway.
 19560 | IceCv    | Entered an ice cave
 19950 | IceCv    | Gained mutation: You sometimes gain power by taking damage. [demonic ancestry]
 19950 | IceCv    | Reached XP level 14. HP: 102/108 MP: 23/23
 21012 | Lair:4   | Reached skill level 15 in Long Blades
 21153 | Lair:4   | Identified a +0 pair of boots of running (You found it on level 4 of the Lair of Beasts)
 22248 | Lair:5   | Found a staircase to the Slime Pits.
 22413 | Lair:5   | Gained mutation: You have supernaturally acute eyesight. (SInv) [evolution]
 22497 | Lair:6   | Entered Level 6 of the Lair of Beasts
 22503 | Lair:6   | Reached skill level 5 in Dodging
 22593 | Lair:6   | Offered knowledge of Lee's Rapid Deconstruction by Vehumet.
 22818 | Lair:6   | Reached skill level 10 in Fighting
 22927 | Lair:6   | Noticed George's ghost (journeyman MiFi)
 22946 | Lair:6   | Killed George's ghost
 23434 | Lair:6   | Gained mutation: You have very sharp fingernails. [demonic ancestry]
 23434 | Lair:6   | Reached XP level 15. HP: 117/117 MP: 26/26
 24109 | D:14     | Noticed Josephine
 24126 | D:14     | Killed Josephine
 24316 | D:14     | Reached ****** piety under Vehumet
 24322 | D:14     | Offered knowledge of Bolt of Magma by Vehumet.
 25036 | D:15     | Entered Level 15 of the Dungeon
 25094 | D:15     | Gained mutation: You rapidly evolve. [evolution]
 25130 | D:15     | Found Suskixij's Antique Armour Shop.
 25144 | D:15     | Bought a bloodstained plate armour for 980 gold pieces
 25154 | D:15     | Identified the +1 plate armour of the Barracuda {rPois} (You bought it in a shop on level 15 of the Dungeon)
 25847 | D:15     | Reached skill level 16 in Long Blades
 25920 | D:15     | Found a sparkling altar of Nemelex Xobeh.
 25933 | D:15     | Got a smoking emerald amulet
 26013 | D:15     | Found a staircase to the Depths.
 26289 | Swamp:1  | Entered Level 1 of the Swamp
 26307 | Swamp:1  | Identified the amulet of Culoakhlu {Faith +Blink rPois Str-3} (You found it on level 15 of the Dungeon)
 26481 | Swamp:1  | Offered knowledge of Iron Shot by Vehumet.
 27113 | Swamp:2  | Noticed a thorn hunter
 27128 | Swamp:2  | Killed a thorn hunter
 28234 | Swamp:2  | Reached XP level 16. HP: 43/126 MP: 22/28
 29476 | Swamp:3  | Offered knowledge of Conjure Ball Lightning by Vehumet.
 29517 | Swamp:3  | Gained mutation: You possess an exceptional clarity of mind. [evolution]
 29547 | Swamp:3  | Found a shimmering altar of Xom.
 29968 | Spider:1 | Entered Level 1 of the Spider Nest
 29995 | Spider:1 | HP: 5/127 [meliai/divine providence (11)]
 30626 | Spider:1 | Reached skill level 10 in Conjurations
 31191 | Spider:2 | Noticed Aizul
 31209 | Spider:1 | Killed Aizul
 31511 | Spider:2 | Offered knowledge of Delayed Fireball by Vehumet.
 31616 | Spider:2 | Reached skill level 1 in Charms
 32279 | Spider:2 | Noticed Azrael
 32307 | Spider:2 | Killed Azrael
 32393 | Spider:3 | Noticed KarmaPolice's ghost (adept HaHu)
 32441 | Spider:3 | Killed KarmaPolice's ghost
 32441 | Spider:3 | Gained mutation: You are powered by pain. [demonic ancestry]
 32441 | Spider:3 | Reached XP level 17. HP: 112/134 MP: 30/30
 33069 | Spider:3 | Offered knowledge of Glaciate by Vehumet.
 33069 | Spider:3 | Offered knowledge of Shatter by Vehumet.
 33069 | Spider:3 | Offered knowledge of Chain Lightning by Vehumet.
 33360 | Spider:4 | Entered Level 4 of the Spider Nest
 33375 | Spider:4 | Noticed esc's ghost (adept MiBe)
 33604 | Spider:4 | Killed esc's ghost
 33686 | Spider:4 | Reached skill level 10 in Spellcasting
 33967 | Spider:3 | HP: 6/134 [poisoned by a wolf spider]
 33972 | Spider:3 | HP: 5/134 [poisoned by a wolf spider]
 33977 | Spider:3 | HP: 4/134 [poisoned by a wolf spider]
 33982 | Spider:3 | HP: 4/134 [poisoned by a wolf spider]
 33987 | Spider:3 | HP: 4/134 [poisoned by a wolf spider]
 33994 | Spider:3 | HP: 6/134 [poisoned by a wolf spider]
 34709 | Spider:4 | Reached skill level 5 in Charms
 34749 | Spider:4 | HP: 2/134 [disintegration (24)]
 34757 | Spider:4 | Blown up by an orb spider

Vault maps used:
D:1:      minmay_arrival_stair_chambers, corexii_leaking_fountain,
          lemuel_old_faithful
D:2:      nicolae_overflow_hidden_temple, bh_walls_and_bars
D:3:      first_bread
D:4:      overflow_temple_1_default, nicolae_overflow_crystal_walls,
          serial_shops, shop, hangedman_abyss_or_decor_slice,
          minmay_goblin_kobold_house
D:5:      portal_sewer_entry_b, serial_bayou_lagoon_a, uniq_edmund,
          uniq_grinder, uniq_pikel, uniq_menkaure, uniq_blork_the_orc
D:6:      enter_ossuary_3, serial_shops, nicolae_shop_behind_doors,
          nicolae_ru_sacrificial_ziggurat
D:7:      uniq_duvessa
D:8:      lair_0_dummy
D:9:      kennysheep_mini_moat, lemuel_round_altar, zombieorc2_lemuel,
          serial_ice, serial_ice_l, serial_ice_g, serial_ice_m, serial_ice_d,
          uniq_maurice
D:10:     serial_shops, nicolae_shop_temple_entry_statues_fountains
D:11:     serial_shops, nicolae_shop_crystal,
          lemuel_mausoleum_altar_kikubaaqudgha
D:12:     serial_curves, eino_curves_02, eino_curves_03, eino_curves_02
D:13:     david_vaults_1, basic_altar, uniq_frances
D:14:     minmay_misc_feat_four_crosses, uniq_josephine
D:15:     hangedman_depths_entry_try_elsewhere_first, columned_hall_lemuel,
          serial_shops, nicolae_shop_stone, serial_column_ruins,
          column_ruins_temple_hut, column_ruins_open_tiny,
          column_ruins_open_large, column_ruins_open_medium,
          column_ruins_grid_1, column_ruins_columns_dead_end,
          column_ruins_open_small, column_ruins_columns_plus
Temple:   minmay_temple_bridge_d
Lair:1:   st_stairs_8, grunt_megastairs_4, infiniplex_staircase_pool_2
Lair:2:   minmay_swamp_entry_swarm, nicolae_spider_entry_orb_guardian,
          serial_bayou_lagoon_b, lemuel_fruit_tree
Lair:3:   portal_ice_cave_demonic_guard
Lair:5:   nicolae_slime_entry_slimehenge, minmay_stone_trees_small,
          beast_lair_carwin_5
Lair:6:   grunt_lair_end_beastmaster, serial_bayou_pond_e, serial_bayou_pond_d,
          infiniplex_staircase_pool
Swamp:1:  serial_swamp_ruin, evilmike_swamp_ruin_house_3,
          evilmike_swamp_ruin_house_6
Swamp:2:  evilmike_swamp_ruin_rubble_1
Swamp:3:  nicolae_swamp_godswood, swamp_pool1
Spider:1: special_room
Spider:2: uniq_aizul, uniq_azrael
Spider:4: spider_rune_water
Orc:2:    grunt_orc_cross, lemuel_statue_altar
Sewer:    sewer_co_tree
Ossuary:  ossuary_tomb_3
IceCv:    ice_cave_small_dragons

Skill      XL: |  1  2  3  4  5  6  7  8  9 10 11 12 13 14 15 16 17 |
---------------+----------------------------------------------------+-----
Shields        | 3 4 5 6 |  6.2
Long Blades    | 2 3 4 6 8 9 11 12 13 14 15 16 | 16.8
Armour         | 3 4 5 6 7 8 |  8.9
Dodging        | 1 2 3 4 5 6 7 |  7.0
Fighting       | 4 5 6 7 9 10 11 12 | 12.3
Spellcasting   | 2 4 5 6 7 8 9 10 | 10.4
Conjurations   | 3 4 6 7 8 9 10 11 | 11.3
Fire Magic     | 1 3 4 5 6 7 8 9 |  9.8
Charms         | 2 5 |  5.2
Evocations     | |  0.6

Action                   |  1- 3 |  4- 6 |  7- 9 | 10-12 | 13-15 | 16-18 || total
-------------------------+-------+-------+-------+-------+-------+-------++-------
Melee: Long sword        |   162 |    94 |   383 |    43 |       |       ||   682
       Falchion          |       |    38 |   348 |       |       |       ||   386
       Kick              |       |     5 |   264 |   152 |       |       ||   421
       Scimitar          |       |       |       |   523 |       |       ||   523
       Headbutt          |       |       |       |    87 |   386 |   316 ||   789
       Demon blade       |       |       |       |   262 |  1318 |  1088 ||  2668
 Cast: Throw Flame       |       |       |       |     8 |     4 |       ||    12
       Bolt of Fire      |       |       |       |       |       |     4 ||     4
       Fireball          |       |       |       |       |       |    12 ||    12
Evoke: Wand              |       |     4 |       |    10 |     1 |     3 ||    18
  Use: Scroll            |       |    15 |    11 |     5 |    10 |     8 ||    49
       Potion            |       |     2 |     3 |    25 |     8 |    14 ||    52
 Stab: Distracted        |       |       |       |     1 |       |     1 ||     2
       Invisible         |       |       |       |     1 |       |       ||     1
       Sleeping          |       |       |       |     1 |       |       ||     1
       Petrifying        |       |       |       |       |     3 |       ||     3
  Eat: Meat ration       |     1 |       |       |     1 |     1 |     1 ||     4
       Bread ration      |       |     1 |     2 |     3 |     5 |     4 ||    15
       Chunk             |       |       |     4 |     8 |    12 |     1 ||    25
       Pizza             |       |       |     1 |     1 |       |     3 ||     5
       Fruit             |       |       |       |     1 |       |       ||     1
       Beef jerky        |       |       |       |       |     1 |     1 ||     2
Armor: Scale mail        |     7 |    12 |   322 |   360 |   383 |   541 ||  1625
       Ring mail         |    84 |    87 |       |       |       |       ||   171
       Skin              |       |       |       |     8 |       |       ||     8
       Robe              |       |       |       |       |    48 |    10 ||    58
Dodge: Dodged            |    41 |    59 |   295 |   407 |   555 |   690 ||  2047
Block: Shield            |    33 |       |       |       |       |       ||    33
       Buckler           |    28 |    36 |   216 |   267 |   408 |   474 ||  1429
       Rpst.: Long sword |    13 |    13 |    62 |     8 |       |       ||    96
       Falchion          |       |     8 |    26 |       |       |       ||    34
       Scimitar          |       |       |       |    70 |       |       ||    70
       Demon blade       |       |       |       |    21 |   136 |   145 ||   302
